Workbook

Sheet Liste Clients
B5: Nom | C5: Adresse 1 | D5: Adresse 2 | E5: Contact | F5: Telephone
B6: Maso Lution

Sheet Import Site
B1: ID Patient | C1: Date | D1: Nom Patient | E1: No Assurances | F1: Montant | G1: Courriel | H1: LIEN | I1: CLIENT
B2: 1 | C2: 43517 | D2: patient 1 | F2: 80
B3: 2 | C3: 43517 | D3: patient 2 | F3: 80
B4: 3 | C4: 43504 | D4: patient 3 | F4: 80
B5: 4 | C5: 43489 | D5: patient 4 | F5: 80
B6: 5 | C6: 43489 | D6: patient 5 | F6: 80
B7: 6 | C7: 43493 | D7: patient 6 | F7: 80
B8: 7 | C8: 43482 | D8: patient 7 | F8: 80
B9: 8 | C9: 43479 | D9: patient 8 | F9: 110
B10: 9 | C10: 43455 | D10: patient 9 | F10: 80
B11: 10 | C11: 43453 | D11: patient 10 | F11: 80
B12: 11 | C12: 43441 | D12: patient 11 | F12: 80
B13: 12 | C13: 43447 | D13: patient 12 | F13: 110
... B21: 20 | C21: 43433 | D21: patient 20 | F21: 80

Sheet Nouvelle facture
H2: FACTURE
G6: No facture | H6: M19-001
G7: Date | H7: =VLOOKUP($H$6,Tableau3[#All],2,FALSE) -> 0
B9: À l’attention de :
B10: =VLOOKUP($H$6,Tableau3[#All],4,FALSE) -> Masolution
B11: =VLOOKUP($B$10,'Liste Clients'!B5:F15,2,FALSE) -> #N/A
B12: =VLOOKUP($B$10,'Liste Clients'!$B$5:$F$15,3,FALSE) -> #N/A
B13: =VLOOKUP($B$10,'Liste Clients'!$B$5:$F$15,4,FALSE) -> #N/A | C13: =VLOOKUP($B$10,'Liste Clients'!$B$5:$F$15,5,FALSE) -> #N/A
B16: Massages effectués dans la | D16: =VLOOKUP($H$6,Tableau3[#All],3,FALSE) -> semaine 1
B18: Nom du Massé | C18: Date du massage | D18: Durée du massage | E18: Mode | F18: Pourboire | G18: Paiement | H18: Retour | I18: Balance | K18: CONFIG NE PAS TOUCHER
B19: =IFERROR(INDEX(Tableau1[Nom Patients],MATCH($K19,Tableau1[ID patient],0)),"") | C19: =IFERROR(INDEX(Tableau1[Date massage],MATCH($K19,Tableau1[ID patient],0)),"") | D19: =IFERROR(INDEX(Tableau1[Durée Massage],MATCH($K19,Tableau1[ID patient],0)),"") | E19: =IFERROR(INDEX(Tableau1[Mode Paiement],MATCH($K19,Tableau1[ID patient],0)),"") | F19: =IFERROR(INDEX(Tableau1[montant pourboire],MATCH($K19,Tableau1[ID patient],0)),"") | G19: =IFERROR(INDEX(Tableau1[Montant PAYÉ REEL],MATCH($K19,Tableau1[ID patient],0)),"") | H19: =IFERROR(INDEX(Tableau1[Prix chargé masolution],MATCH($K19,Tableau1[ID patient],0)),"") | I19: =IFERROR(INDEX(Tableau1[Balance due],MATCH($K19,Tableau1[ID patient],0)),"") | K19: =IFERROR(INDEX(Tableau1[ID patient],SMALL(IF(Tableau1[Facture Associée]=$H$6,ROW($A$1:$A$10)),ROW(A1)),1),"")
B20: =IFERROR(INDEX(Tableau1[Nom Patients],MATCH($K20,Tableau1[ID patient],0)),"") | C20: =IFERROR(INDEX(Tableau1[Date massage],MATCH($K20,Tableau1[ID patient],0)),"") | D20: =IFERROR(INDEX(Tableau1[Durée Massage],MATCH($K20,Tableau1[ID patient],0)),"") | E20: =IFERROR(INDEX(Tableau1[Mode Paiement],MATCH($K20,Tableau1[ID patient],0)),"") | F20: =IFERROR(INDEX(Tableau1[montant pourboire],MATCH($K20,Tableau1[ID patient],0)),"") | G20: =IFERROR(INDEX(Tableau1[Montant PAYÉ REEL],MATCH($K20,Tableau1[ID patient],0)),"") | H20: =IFERROR(INDEX(Tableau1[Prix chargé masolution],MATCH($K20,Tableau1[ID patient],0)),"") | I20: =IFERROR(INDEX(Tableau1[Balance due],MATCH($K20,Tableau1[ID patient],0)),"") | K20: =IFERROR(INDEX(Tableau1[ID patient],SMALL(IF(Tableau1[Facture Associée]=$H$6,ROW($A$1:$A$10)),ROW(A2)),1),"")
B21: =IFERROR(INDEX(Tableau1[Nom Patients],MATCH($K21,Tableau1[ID patient],0)),"") | C21: =IFERROR(INDEX(Tableau1[Date massage],MATCH($K21,Tableau1[ID patient],0)),"") | D21: =IFERROR(INDEX(Tableau1[Durée Massage],MATCH($K21,Tableau1[ID patient],0)),"") | E21: =IFERROR(INDEX(Tableau1[Mode Paiement],MATCH($K21,Tableau1[ID patient],0)),"") | F21: =IFERROR(INDEX(Tableau1[montant pourboire],MATCH($K21,Tableau1[ID patient],0)),"") | G21: =IFERROR(INDEX(Tableau1[Montant PAYÉ REEL],MATCH($K21,Tableau1[ID patient],0)),"") | H21: =IFERROR(INDEX(Tableau1[Prix chargé masolution],MATCH($K21,Tableau1[ID patient],0)),"") | I21: =IFERROR(INDEX(Tableau1[Balance due],MATCH($K21,Tableau1[ID patient],0)),"") | K21: =IFERROR(INDEX(Tableau1[ID patient],SMALL(IF(Tableau1[Facture Associée]=$H$6,ROW($A$1:$A$10)),ROW(A3)),1),"")
B22: =IFERROR(INDEX(Tableau1[Nom Patients],MATCH($K22,Tableau1[ID patient],0)),"") | C22: =IFERROR(INDEX(Tableau1[Date massage],MATCH($K22,Tableau1[ID patient],0)),"") | D22: =IFERROR(INDEX(Tableau1[Durée Massage],MATCH($K22,Tableau1[ID patient],0)),"") | E22: =IFERROR(INDEX(Tableau1[Mode Paiement],MATCH($K22,Tableau1[ID patient],0)),"") | F22: =IFERROR(INDEX(Tableau1[montant pourboire],MATCH($K22,Tableau1[ID patient],0)),"") | G22: =IFERROR(INDEX(Tableau1[Montant PAYÉ REEL],MATCH($K22,Tableau1[ID patient],0)),"") | H22: =IFERROR(INDEX(Tableau1[Prix chargé masolution],MATCH($K22,Tableau1[ID patient],0)),"") | I22: =IFERROR(INDEX(Tableau1[Balance due],MATCH($K22,Tableau1[ID patient],0)),"") | K22: =IFERROR(INDEX(Tableau1[ID patient],SMALL(IF(Tableau1[Facture Associée]=$H$6,ROW($A$1:$A$10)),ROW(A4)),1),"")
B23: =IFERROR(INDEX(Tableau1[Nom Patients],MATCH($K23,Tableau1[ID patient],0)),"") | C23: =IFERROR(INDEX(Tableau1[Date massage],MATCH($K23,Tableau1[ID patient],0)),"") | D23: =IFERROR(INDEX(Tableau1[Durée Massage],MATCH($K23,Tableau1[ID patient],0)),"") | E23: =IFERROR(INDEX(Tableau1[Mode Paiement],MATCH($K23,Tableau1[ID patient],0)),"") | F23: =IFERROR(INDEX(Tableau1[montant pourboire],MATCH($K23,Tableau1[ID patient],0)),"") | G23: =IFERROR(INDEX(Tableau1[Montant PAYÉ REEL],MATCH($K23,Tableau1[ID patient],0)),"") | H23: =IFERROR(INDEX(Tableau1[Prix chargé masolution],MATCH($K23,Tableau1[ID patient],0)),"") | I23: =IFERROR(INDEX(Tableau1[Balance due],MATCH($K23,Tableau1[ID patient],0)),"") | K23: =IFERROR(INDEX(Tableau1[ID patient],SMALL(IF(Tableau1[Facture Associée]=$H$6,ROW($A$1:$A$10)),ROW(A5)),1),"")
B24: =IFERROR(INDEX(Tableau1[Nom Patients],MATCH($K24,Tableau1[ID patient],0)),"") | C24: =IFERROR(INDEX(Tableau1[Date massage],MATCH($K24,Tableau1[ID patient],0)),"") | D24: =IFERROR(INDEX(Tableau1[Durée Massage],MATCH($K24,Tableau1[ID patient],0)),"") | E24: =IFERROR(INDEX(Tableau1[Mode Paiement],MATCH($K24,Tableau1[ID patient],0)),"") | F24: =IFERROR(INDEX(Tableau1[montant pourboire],MATCH($K24,Tableau1[ID patient],0)),"") | G24: =IFERROR(INDEX(Tableau1[Montant PAYÉ REEL],MATCH($K24,Tableau1[ID patient],0)),"") | H24: =IFERROR(INDEX(Tableau1[Prix chargé masolution],MATCH($K24,Tableau1[ID patient],0)),"") | I24: =IFERROR(INDEX(Tableau1[Balance due],MATCH($K24,Tableau1[ID patient],0)),"") | K24: =IFERROR(INDEX(Tableau1[ID patient],SMALL(IF(Tableau1[Facture Associée]=$H$6,ROW($A$1:$A$10)),ROW(A6)),1),"")
B25: =IFERROR(INDEX(Tableau1[Nom Patients],MATCH($K25,Tableau1[ID patient],0)),"") | C25: =IFERROR(INDEX(Tableau1[Date massage],MATCH($K25,Tableau1[ID patient],0)),"") | D25: =IFERROR(INDEX(Tableau1[Durée Massage],MATCH($K25,Tableau1[ID patient],0)),"") | E25: =IFERROR(INDEX(Tableau1[Mode Paiement],MATCH($K25,Tableau1[ID patient],0)),"") | F25: =IFERROR(INDEX(Tableau1[montant pourboire],MATCH($K25,Tableau1[ID patient],0)),"") | G25: =IFERROR(INDEX(Tableau1[Montant PAYÉ REEL],MATCH($K25,Tableau1[ID patient],0)),"") | H25: =IFERROR(INDEX(Tableau1[Prix chargé masolution],MATCH($K25,Tableau1[ID patient],0)),"") | I25: =IFERROR(INDEX(Tableau1[Balance due],MATCH($K25,Tableau1[ID patient],0)),"") | K25: =IFERROR(INDEX(Tableau1[ID patient],SMALL(IF(Tableau1[Facture Associée]=$H$6,ROW($A$1:$A$10)),ROW(A7)),1),"")
B26: =IFERROR(INDEX(Tableau1[Nom Patients],MATCH($K26,Tableau1[ID patient],0)),"") | C26: =IFERROR(INDEX(Tableau1[Date massage],MATCH($K26,Tableau1[ID patient],0)),"") | D26: =IFERROR(INDEX(Tableau1[Durée Massage],MATCH($K26,Tableau1[ID patient],0)),"") | E26: =IFERROR(INDEX(Tableau1[Mode Paiement],MATCH($K26,Tableau1[ID patient],0)),"") | F26: =IFERROR(INDEX(Tableau1[montant pourboire],MATCH($K26,Tableau1[ID patient],0)),"") | G26: =IFERROR(INDEX(Tableau1[Montant PAYÉ REEL],MATCH($K26,Tableau1[ID patient],0)),"") | H26: =IFERROR(INDEX(Tableau1[Prix chargé masolution],MATCH($K26,Tableau1[ID patient],0)),"") | I26: =IFERROR(INDEX(Tableau1[Balance due],MATCH($K26,Tableau1[ID patient],0)),"") | K26: =IFERROR(INDEX(Tableau1[ID patient],SMALL(IF(Tableau1[Facture Associée]=$H$6,ROW($A$1:$A$10)),ROW(A8)),1),"")
B27: =IFERROR(INDEX(Tableau1[Nom Patients],MATCH($K27,Tableau1[ID patient],0)),"") | C27: =IFERROR(INDEX(Tableau1[Date massage],MATCH($K27,Tableau1[ID patient],0)),"") | D27: =IFERROR(INDEX(Tableau1[Durée Massage],MATCH($K27,Tableau1[ID patient],0)),"") | E27: =IFERROR(INDEX(Tableau1[Mode Paiement],MATCH($K27,Tableau1[ID patient],0)),"") | F27: =IFERROR(INDEX(Tableau1[montant pourboire],MATCH($K27,Tableau1[ID patient],0)),"") | G27: =IFERROR(INDEX(Tableau1[Montant PAYÉ REEL],MATCH($K27,Tableau1[ID patient],0)),"") | H27: =IFERROR(INDEX(Tableau1[Prix chargé masolution],MATCH($K27,Tableau1[ID patient],0)),"") | I27: =IFERROR(INDEX(Tableau1[Balance due],MATCH($K27,Tableau1[ID patient],0)),"") | K27: =IFERROR(INDEX(Tableau1[ID patient],SMALL(IF(Tableau1[Facture Associée]=$H$6,ROW($A$1:$A$10)),ROW(A9)),1),"")
B28: =IFERROR(INDEX(Tableau1[Nom Patients],MATCH($K28,Tableau1[ID patient],0)),"") | C28: =IFERROR(INDEX(Tableau1[Date massage],MATCH($K28,Tableau1[ID patient],0)),"") | D28: =IFERROR(INDEX(Tableau1[Durée Massage],MATCH($K28,Tableau1[ID patient],0)),"") | E28: =IFERROR(INDEX(Tableau1[Mode Paiement],MATCH($K28,Tableau1[ID patient],0)),"") | F28: =IFERROR(INDEX(Tableau1[montant pourboire],MATCH($K28,Tableau1[ID patient],0)),"") | G28: =IFERROR(INDEX(Tableau1[Montant PAYÉ REEL],MATCH($K28,Tableau1[ID patient],0)),"") | H28: =IFERROR(INDEX(Tableau1[Prix chargé masolution],MATCH($K28,Tableau1[ID patient],0)),"") | I28: =IFERROR(INDEX(Tableau1[Balance due],MATCH($K28,Tableau1[ID patient],0)),"") | K28: =IFERROR(INDEX(Tableau1[ID patient],SMALL(IF(Tableau1[Facture Associée]=$H$6,ROW($A$1:$A$10)),ROW(A10)),1),"")
B29: =IFERROR(INDEX(Tableau1[Nom Patients],MATCH($K29,Tableau1[ID patient],0)),"") | C29: =IFERROR(INDEX(Tableau1[Date massage],MATCH($K29,Tableau1[ID patient],0)),"") | D29: =IFERROR(INDEX(Tableau1[Durée Massage],MATCH($K29,Tableau1[ID patient],0)),"") | E29: =IFERROR(INDEX(Tableau1[Mode Paiement],MATCH($K29,Tableau1[ID patient],0)),"") | F29: =IFERROR(INDEX(Tableau1[montant pourboire],MATCH($K29,Tableau1[ID patient],0)),"") | G29: =IFERROR(INDEX(Tableau1[Montant PAYÉ REEL],MATCH($K29,Tableau1[ID patient],0)),"") | H29: =IFERROR(INDEX(Tableau1[Prix chargé masolution],MATCH($K29,Tableau1[ID patient],0)),"") | I29: =IFERROR(INDEX(Tableau1[Balance due],MATCH($K29,Tableau1[ID patient],0)),"") | K29: =IFERROR(INDEX(Tableau1[ID patient],SMALL(IF(Tableau1[Facture Associée]=$H$6,ROW($A$1:$A$10)),ROW(A11)),1),"")
B30: =IFERROR(INDEX(Tableau1[Nom Patients],MATCH($K30,Tableau1[ID patient],0)),"") | C30: =IFERROR(INDEX(Tableau1[Date massage],MATCH($K30,Tableau1[ID patient],0)),"") | D30: =IFERROR(INDEX(Tableau1[Durée Massage],MATCH($K30,Tableau1[ID patient],0)),"") | E30: =IFERROR(INDEX(Tableau1[Mode Paiement],MATCH($K30,Tableau1[ID patient],0)),"") | F30: =IFERROR(INDEX(Tableau1[montant pourboire],MATCH($K30,Tableau1[ID patient],0)),"") | G30: =IFERROR(INDEX(Tableau1[Montant PAYÉ REEL],MATCH($K30,Tableau1[ID patient],0)),"") | H30: =IFERROR(INDEX(Tableau1[Prix chargé masolution],MATCH($K30,Tableau1[ID patient],0)),"") | I30: =IFERROR(INDEX(Tableau1[Balance due],MATCH($K30,Tableau1[ID patient],0)),"") | K30: =IFERROR(INDEX(Tableau1[ID patient],SMALL(IF(Tableau1[Facture Associée]=$H$6,ROW($A$1:$A$10)),ROW(A12)),1),"")
... B38: =IFERROR(INDEX(Tableau1[Nom Patients],MATCH($K38,Tableau1[ID patient],0)),"") | C38: =IFERROR(INDEX(Tableau1[Date massage],MATCH($K38,Tableau1[ID patient],0)),"") | D38: =IFERROR(INDEX(Tableau1[Durée Massage],MATCH($K38,Tableau1[ID patient],0)),"") | E38: =IFERROR(INDEX(Tableau1[Mode Paiement],MATCH($K38,Tableau1[ID patient],0)),"") | F38: =IFERROR(INDEX(Tableau1[montant pourboire],MATCH($K38,Tableau1[ID patient],0)),"") | G38: =IFERROR(INDEX(Tableau1[Montant PAYÉ REEL],MATCH($K38,Tableau1[ID patient],0)),"") | H38: =IFERROR(INDEX(Tableau1[Prix chargé masolution],MATCH($K38,Tableau1[ID patient],0)),"") | I38: =IFERROR(INDEX(Tableau1[Balance due],MATCH($K38,Tableau1[ID patient],0)),"") | K38: =IFERROR(INDEX(Tableau1[ID patient],SMALL(IF(Tableau1[Facture Associée]=$H$6,ROW($A$1:$A$10)),ROW(A20)),1),"")
C40: Nombre de massages effectués: | D40: =SUMIFS(Tableau1[Facture Associée],Tableau1[Client concerné],"=" & H$6) -> 0 | G40: Total de la facture: | H40: =VLOOKUP(H6,Tableau3[#All],5,FALSE) -> 0
G41: Total des pourboires: | H41: =VLOOKUP(H6,Tableau3[],6,FALSE) -> 0
G42: Montant total à recevoir: | H42: =VLOOKUP(H6,Tableau3[],7,FALSE) -> 0
B45: CREATION D'UNE FACTURE
B46: No Facture | C46: Date Facture | D46: Période Facturé | E46: Client Concerné | F46: Facturé | G46: Pourboires | H46: A RECEVOIR | I46: TOTAL KMS
B47: M19-001 | D47: semaine 1 | E47: Masolution | F47: =SUMIF(Tableau1[Client concerné],"=" & Tableau3[[#This Row],[No Facture]],Tableau1[KMS FAIT2]) -> 0 | G47: =SUMIF(Tableau1[Client concerné],"=" & Tableau3[[#This Row],[No Facture]],Tableau1[montant pourboire]) -> 0 | H47: =SUMIF(Tableau1[Client concerné],"=" & Tableau3[[#This Row],[No Facture]],Tableau1[Prix chargé masolution]) -> 0 | I47: =SUMIF(Tableau1[Client concerné],"=" & Tableau3[[#This Row],[No Facture]],Tableau1[Montant PAYÉ REEL]) -> 0
B48: M19-002 | D48: semaine 2 | E48: Maso Lution | F48: =SUMIF(Tableau1[Client concerné],"=" & Tableau3[[#This Row],[No Facture]],Tableau1[KMS FAIT2]) -> 0 | G48: =SUMIF(Tableau1[Client concerné],"=" & Tableau3[[#This Row],[No Facture]],Tableau1[montant pourboire]) -> 0 | H48: =SUMIF(Tableau1[Client concerné],"=" & Tableau3[[#This Row],[No Facture]],Tableau1[Prix chargé masolution]) -> 0 | I48: =SUMIF(Tableau1[Client concerné],"=" & Tableau3[[#This Row],[No Facture]],Tableau1[Montant PAYÉ REEL]) -> 0
B49: M19-003 | F49: =SUMIF(Tableau1[Client concerné],"=" & Tableau3[[#This Row],[No Facture]],Tableau1[KMS FAIT2]) -> 0 | G49: =SUMIF(Tableau1[Client concerné],"=" & Tableau3[[#This Row],[No Facture]],Tableau1[montant pourboire]) -> 0 | H49: =SUMIF(Tableau1[Client concerné],"=" & Tableau3[[#This Row],[No Facture]],Tableau1[Prix chargé masolution]) -> 0 | I49: =SUMIF(Tableau1[Client concerné],"=" & Tableau3[[#This Row],[No Facture]],Tableau1[Montant PAYÉ REEL]) -> 0
B50: M19-004 | F50: =SUMIF(Tableau1[Client concerné],"=" & Tableau3[[#This Row],[No Facture]],Tableau1[KMS FAIT2]) -> 0 | G50: =SUMIF(Tableau1[Client concerné],"=" & Tableau3[[#This Row],[No Facture]],Tableau1[montant pourboire]) -> 0 | H50: =SUMIF(Tableau1[Client concerné],"=" & Tableau3[[#This Row],[No Facture]],Tableau1[Prix chargé masolution]) -> 0 | I50: =SUMIF(Tableau1[Client concerné],"=" & Tableau3[[#This Row],[No Facture]],Tableau1[Montant PAYÉ REEL]) -> 0
B51: M19-005 | F51: =SUMIF(Tableau1[Client concerné],"=" & Tableau3[[#This Row],[No Facture]],Tableau1[KMS FAIT2]) -> 0 | G51: =SUMIF(Tableau1[Client concerné],"=" & Tableau3[[#This Row],[No Facture]],Tableau1[montant pourboire]) -> 0 | H51: =SUMIF(Tableau1[Client concerné],"=" & Tableau3[[#This Row],[No Facture]],Tableau1[Prix chargé masolution]) -> 0 | I51: =SUMIF(Tableau1[Client concerné],"=" & Tableau3[[#This Row],[No Facture]],Tableau1[Montant PAYÉ REEL]) -> 0
B52: M19-006 | F52: =SUMIF(Tableau1[Client concerné],"=" & Tableau3[[#This Row],[No Facture]],Tableau1[KMS FAIT2]) -> 0 | G52: =SUMIF(Tableau1[Client concerné],"=" & Tableau3[[#This Row],[No Facture]],Tableau1[montant pourboire]) -> 0 | H52: =SUMIF(Tableau1[Client concerné],"=" & Tableau3[[#This Row],[No Facture]],Tableau1[Prix chargé masolution]) -> 0 | I52: =SUMIF(Tableau1[Client concerné],"=" & Tableau3[[#This Row],[No Facture]],Tableau1[Montant PAYÉ REEL]) -> 0
B53: M19-007 | F53: =SUMIF(Tableau1[Client concerné],"=" & Tableau3[[#This Row],[No Facture]],Tableau1[KMS FAIT2]) -> 0 | G53: =SUMIF(Tableau1[Client concerné],"=" & Tableau3[[#This Row],[No Facture]],Tableau1[montant pourboire]) -> 0 | H53: =SUMIF(Tableau1[Client concerné],"=" & Tableau3[[#This Row],[No Facture]],Tableau1[Prix chargé masolution]) -> 0 | I53: =SUMIF(Tableau1[Client concerné],"=" & Tableau3[[#This Row],[No Facture]],Tableau1[Montant PAYÉ REEL]) -> 0
B54: M19-008 | F54: =SUMIF(Tableau1[Client concerné],"=" & Tableau3[[#This Row],[No Facture]],Tableau1[KMS FAIT2]) -> 0 | G54: =SUMIF(Tableau1[Client concerné],"=" & Tableau3[[#This Row],[No Facture]],Tableau1[montant pourboire]) -> 0 | H54: =SUMIF(Tableau1[Client concerné],"=" & Tableau3[[#This Row],[No Facture]],Tableau1[Prix chargé masolution]) -> 0 | I54: =SUMIF(Tableau1[Client concerné],"=" & Tableau3[[#This Row],[No Facture]],Tableau1[Montant PAYÉ REEL]) -> 0
B55: M19-009 | F55: =SUMIF(Tableau1[Client concerné],"=" & Tableau3[[#This Row],[No Facture]],Tableau1[KMS FAIT2]) -> 0 | G55: =SUMIF(Tableau1[Client concerné],"=" & Tableau3[[#This Row],[No Facture]],Tableau1[montant pourboire]) -> 0 | H55: =SUMIF(Tableau1[Client concerné],"=" & Tableau3[[#This Row],[No Facture]],Tableau1[Prix chargé masolution]) -> 0 | I55: =SUMIF(Tableau1[Client concerné],"=" & Tableau3[[#This Row],[No Facture]],Tableau1[Montant PAYÉ REEL]) -> 0
B56: M19-010 | F56: =SUMIF(Tableau1[Client concerné],"=" & Tableau3[[#This Row],[No Facture]],Tableau1[KMS FAIT2]) -> 0 | G56: =SUMIF(Tableau1[Client concerné],"=" & Tableau3[[#This Row],[No Facture]],Tableau1[montant pourboire]) -> 0 | H56: =SUMIF(Tableau1[Client concerné],"=" & Tableau3[[#This Row],[No Facture]],Tableau1[Prix chargé masolution]) -> 0 | I56: =SUMIF(Tableau1[Client concerné],"=" & Tableau3[[#This Row],[No Facture]],Tableau1[Montant PAYÉ REEL]) -> 0
B57: M19-011 | F57: =SUMIF(Tableau1[Client concerné],"=" & Tableau3[[#This Row],[No Facture]],Tableau1[KMS FAIT2]) -> 0 | G57: =SUMIF(Tableau1[Client concerné],"=" & Tableau3[[#This Row],[No Facture]],Tableau1[montant pourboire]) -> 0 | H57: =SUMIF(Tableau1[Client concerné],"=" & Tableau3[[#This Row],[No Facture]],Tableau1[Prix chargé masolution]) -> 0 | I57: =SUMIF(Tableau1[Client concerné],"=" & Tableau3[[#This Row],[No Facture]],Tableau1[Montant PAYÉ REEL]) -> 0
B58: M19-012 | F58: =SUMIF(Tableau1[Client concerné],"=" & Tableau3[[#This Row],[No Facture]],Tableau1[KMS FAIT2]) -> 0 | G58: =SUMIF(Tableau1[Client concerné],"=" & Tableau3[[#This Row],[No Facture]],Tableau1[montant pourboire]) -> 0 | H58: =SUMIF(Tableau1[Client concerné],"=" & Tableau3[[#This Row],[No Facture]],Tableau1[Prix chargé masolution]) -> 0 | I58: =SUMIF(Tableau1[Client concerné],"=" & Tableau3[[#This Row],[No Facture]],Tableau1[Montant PAYÉ REEL]) -> 0
B59: M19-013 | F59: =SUMIF(Tableau1[Client concerné],"=" & Tableau3[[#This Row],[No Facture]],Tableau1[KMS FAIT2]) -> 0 | G59: =SUMIF(Tableau1[Client concerné],"=" & Tableau3[[#This Row],[No Facture]],Tableau1[montant pourboire]) -> 0 | H59: =SUMIF(Tableau1[Client concerné],"=" & Tableau3[[#This Row],[No Facture]],Tableau1[Prix chargé masolution]) -> 0 | I59: =SUMIF(Tableau1[Client concerné],"=" & Tableau3[[#This Row],[No Facture]],Tableau1[Montant PAYÉ REEL]) -> 0
B60: M19-014 | F60: =SUMIF(Tableau1[Client concerné],"=" & Tableau3[[#This Row],[No Facture]],Tableau1[KMS FAIT2]) -> 0 | G60: =SUMIF(Tableau1[Client concerné],"=" & Tableau3[[#This Row],[No Facture]],Tableau1[montant pourboire]) -> 0 | H60: =SUMIF(Tableau1[Client concerné],"=" & Tableau3[[#This Row],[No Facture]],Tableau1[Prix chargé masolution]) -> 0 | I60: =SUMIF(Tableau1[Client concerné],"=" & Tableau3[[#This Row],[No Facture]],Tableau1[Montant PAYÉ REEL]) -> 0
... B70: M19-024 | F70: =SUMIF(Tableau1[Client concerné],"=" & Tableau3[[#This Row],[No Facture]],Tableau1[KMS FAIT2]) -> 0 | G70: =SUMIF(Tableau1[Client concerné],"=" & Tableau3[[#This Row],[No Facture]],Tableau1[montant pourboire]) -> 0 | H70: =SUMIF(Tableau1[Client concerné],"=" & Tableau3[[#This Row],[No Facture]],Tableau1[Prix chargé masolution]) -> 0 | I70: =SUMIF(Tableau1[Client concerné],"=" & Tableau3[[#This Row],[No Facture]],Tableau1[Montant PAYÉ REEL]) -> 0
B74: INFORMATIONS DES FACTURES
B75: ID patient | C75: Nom Patients | D75: Date massage | E75: Durée Massage | F75: Prix payé | G75: Mode Paiement | H75: montant pourboire | I75: Montant PAYÉ REEL | J75: KMS FAIT2 | K75: Prix chargé masolution | L75: Balance due | M75: Période de facturation | N75: Client concerné | O75: Facture Associée | P75: (Valeur )
B76: 1 | C76: =VLOOKUP(Tableau1[[#This Row],[ID patient]],'Import Site'!$B$1:$K$1500,3,FALSE) -> patient 1 | D76: =VLOOKUP(Tableau1[[#This Row],[ID patient]],'Import Site'!$B$1:$K$1500,2,FALSE) -> 43517 | E76: =IF(Tableau1[[#This Row],[Nom Patients]]>0,VLOOKUP(Tableau1[[#This Row],[Prix payé]],CONFIG!B$4:D$12,2,FALSE),"") -> 60 Minutes | F76: =VLOOKUP(Tableau1[[#This Row],[ID patient]],'Import Site'!$B$1:$K$1500,5,FALSE) -> 80 | G76: Comptant | I76: 150 | K76: =IF(Tableau1[[#This Row],[Nom Patients]]>0,VLOOKUP(Tableau1[[#This Row],[Prix payé]],CONFIG!B$4:D$12,3,FALSE),"") -> 50 | L76: =IF(Tableau1[[#This Row],[Mode Paiement]]=CONFIG!$I$6,((Tableau1[[#This Row],[Prix payé]]-Tableau1[[#This Row],[Prix chargé masolution]])*-1),Tableau1[[#This Row],[Prix chargé masolution]]+Tableau1[[#This Row],[montant pourboire]]) -> -30 | M76: =IF(Tableau1[[#This Row],[Facture Associée]]>0,VLOOKUP(Tableau1[[#This Row],[Facture Associée]],Tableau3[#All],3,FALSE),"") -> semaine 1 | N76: =IF(Tableau1[[#This Row],[Facture Associée]]>0,VLOOKUP(Tableau1[[#This Row],[Facture Associée]],Tableau3[#All],4,FALSE),"") -> Masolution | O76: M19-001 | P76: =IF(Tableau1[[#This Row],[Facture Associée]]>0,1,"") -> 1
B77: 2 | C77: =VLOOKUP(Tableau1[[#This Row],[ID patient]],'Import Site'!$B$1:$K$1500,3,FALSE) -> patient 2 | D77: =VLOOKUP(Tableau1[[#This Row],[ID patient]],'Import Site'!$B$1:$K$1500,2,FALSE) -> 43517 | E77: =IF(Tableau1[[#This Row],[Nom Patients]]>0,VLOOKUP(Tableau1[[#This Row],[Prix payé]],CONFIG!B$4:D$12,2,FALSE),"") -> 60 Minutes | F77: =VLOOKUP(Tableau1[[#This Row],[ID patient]],'Import Site'!$B$1:$K$1500,5,FALSE) -> 80 | G77: Comptant | H77: 5 | I77: 100 | K77: =IF(Tableau1[[#This Row],[Nom Patients]]>0,VLOOKUP(Tableau1[[#This Row],[Prix payé]],CONFIG!B$4:D$12,3,FALSE),"") -> 50 | L77: =IF(Tableau1[[#This Row],[Mode Paiement]]=CONFIG!$I$6,((Tableau1[[#This Row],[Prix payé]]-Tableau1[[#This Row],[Prix chargé masolution]])*-1),Tableau1[[#This Row],[Prix chargé masolution]]+Tableau1[[#This Row],[montant pourboire]]) -> -30 | M77: =IF(Tableau1[[#This Row],[Facture Associée]]>0,VLOOKUP(Tableau1[[#This Row],[Facture Associée]],Tableau3[#All],3,FALSE),"") -> semaine 1 | N77: =IF(Tableau1[[#This Row],[Facture Associée]]>0,VLOOKUP(Tableau1[[#This Row],[Facture Associée]],Tableau3[#All],4,FALSE),"") -> Masolution | O77: M19-001 | P77: =IF(Tableau1[[#This Row],[Facture Associée]]>0,1,"") -> 1
B78: 3 | C78: =VLOOKUP(Tableau1[[#This Row],[ID patient]],'Import Site'!$B$1:$K$1500,3,FALSE) -> patient 3 | D78: =VLOOKUP(Tableau1[[#This Row],[ID patient]],'Import Site'!$B$1:$K$1500,2,FALSE) -> 43504 | E78: =IF(Tableau1[[#This Row],[Nom Patients]]>0,VLOOKUP(Tableau1[[#This Row],[Prix payé]],CONFIG!B$4:D$12,2,FALSE),"") -> 60 Minutes | F78: =VLOOKUP(Tableau1[[#This Row],[ID patient]],'Import Site'!$B$1:$K$1500,5,FALSE) -> 80 | G78: Débit | H78: 5 | K78: =IF(Tableau1[[#This Row],[Nom Patients]]>0,VLOOKUP(Tableau1[[#This Row],[Prix payé]],CONFIG!B$4:D$12,3,FALSE),"") -> 50 | L78: =IF(Tableau1[[#This Row],[Mode Paiement]]=CONFIG!$I$6,((Tableau1[[#This Row],[Prix payé]]-Tableau1[[#This Row],[Prix chargé masolution]])*-1),Tableau1[[#This Row],[Prix chargé masolution]]+Tableau1[[#This Row],[montant pourboire]]) -> 55 | M78: =IF(Tableau1[[#This Row],[Facture Associée]]>0,VLOOKUP(Tableau1[[#This Row],[Facture Associée]],Tableau3[#All],3,FALSE),"") -> semaine 1 | N78: =IF(Tableau1[[#This Row],[Facture Associée]]>0,VLOOKUP(Tableau1[[#This Row],[Facture Associée]],Tableau3[#All],4,FALSE),"") -> Masolution | O78: M19-001 | P78: =IF(Tableau1[[#This Row],[Facture Associée]]>0,1,"") -> 1
B79: 4 | C79: =VLOOKUP(Tableau1[[#This Row],[ID patient]],'Import Site'!$B$1:$K$1500,3,FALSE) -> patient 4 | D79: =VLOOKUP(Tableau1[[#This Row],[ID patient]],'Import Site'!$B$1:$K$1500,2,FALSE) -> 43489 | E79: =IF(Tableau1[[#This Row],[Nom Patients]]>0,VLOOKUP(Tableau1[[#This Row],[Prix payé]],CONFIG!B$4:D$12,2,FALSE),"") -> 60 Minutes | F79: =VLOOKUP(Tableau1[[#This Row],[ID patient]],'Import Site'!$B$1:$K$1500,5,FALSE) -> 80 | K79: =IF(Tableau1[[#This Row],[Nom Patients]]>0,VLOOKUP(Tableau1[[#This Row],[Prix payé]],CONFIG!B$4:D$12,3,FALSE),"") -> 50 | L79: =IF(Tableau1[[#This Row],[Mode Paiement]]=CONFIG!$I$6,((Tableau1[[#This Row],[Prix payé]]-Tableau1[[#This Row],[Prix chargé masolution]])*-1),Tableau1[[#This Row],[Prix chargé masolution]]+Tableau1[[#This Row],[montant pourboire]]) -> 50 | M79: =IF(Tableau1[[#This Row],[Facture Associée]]>0,VLOOKUP(Tableau1[[#This Row],[Facture Associée]],Tableau3[#All],3,FALSE),"") -> semaine 1 | N79: =IF(Tableau1[[#This Row],[Facture Associée]]>0,VLOOKUP(Tableau1[[#This Row],[Facture Associée]],Tableau3[#All],4,FALSE),"") -> Masolution | O79: M19-001 | P79: =IF(Tableau1[[#This Row],[Facture Associée]]>0,1,"") -> 1
B80: 5 | C80: =VLOOKUP(Tableau1[[#This Row],[ID patient]],'Import Site'!$B$1:$K$1500,3,FALSE) -> patient 5 | D80: =VLOOKUP(Tableau1[[#This Row],[ID patient]],'Import Site'!$B$1:$K$1500,2,FALSE) -> 43489 | E80: =IF(Tableau1[[#This Row],[Nom Patients]]>0,VLOOKUP(Tableau1[[#This Row],[Prix payé]],CONFIG!B$4:D$12,2,FALSE),"") -> 60 Minutes | F80: =VLOOKUP(Tableau1[[#This Row],[ID patient]],'Import Site'!$B$1:$K$1500,5,FALSE) -> 80 | K80: =IF(Tableau1[[#This Row],[Nom Patients]]>0,VLOOKUP(Tableau1[[#This Row],[Prix payé]],CONFIG!B$4:D$12,3,FALSE),"") -> 50 | L80: =IF(Tableau1[[#This Row],[Mode Paiement]]=CONFIG!$I$6,((Tableau1[[#This Row],[Prix payé]]-Tableau1[[#This Row],[Prix chargé masolution]])*-1),Tableau1[[#This Row],[Prix chargé masolution]]+Tableau1[[#This Row],[montant pourboire]]) -> 50 | M80: =IF(Tableau1[[#This Row],[Facture Associée]]>0,VLOOKUP(Tableau1[[#This Row],[Facture Associée]],Tableau3[#All],3,FALSE),"") -> semaine 2 | N80: =IF(Tableau1[[#This Row],[Facture Associée]]>0,VLOOKUP(Tableau1[[#This Row],[Facture Associée]],Tableau3[#All],4,FALSE),"") -> Maso Lution | O80: M19-002 | P80: =IF(Tableau1[[#This Row],[Facture Associée]]>0,1,"") -> 1
B81: 6 | C81: =VLOOKUP(Tableau1[[#This Row],[ID patient]],'Import Site'!$B$1:$K$1500,3,FALSE) -> patient 6 | D81: =VLOOKUP(Tableau1[[#This Row],[ID patient]],'Import Site'!$B$1:$K$1500,2,FALSE) -> 43493 | E81: =IF(Tableau1[[#This Row],[Nom Patients]]>0,VLOOKUP(Tableau1[[#This Row],[Prix payé]],CONFIG!B$4:D$12,2,FALSE),"") -> 60 Minutes | F81: =VLOOKUP(Tableau1[[#This Row],[ID patient]],'Import Site'!$B$1:$K$1500,5,FALSE) -> 80 | K81: =IF(Tableau1[[#This Row],[Nom Patients]]>0,VLOOKUP(Tableau1[[#This Row],[Prix payé]],CONFIG!B$4:D$12,3,FALSE),"") -> 50 | L81: =IF(Tableau1[[#This Row],[Mode Paiement]]=CONFIG!$I$6,((Tableau1[[#This Row],[Prix payé]]-Tableau1[[#This Row],[Prix chargé masolution]])*-1),Tableau1[[#This Row],[Prix chargé masolution]]+Tableau1[[#This Row],[montant pourboire]]) -> 50 | M81: =IF(Tableau1[[#This Row],[Facture Associée]]>0,VLOOKUP(Tableau1[[#This Row],[Facture Associée]],Tableau3[#All],3,FALSE),"") -> semaine 2 | N81: =IF(Tableau1[[#This Row],[Facture Associée]]>0,VLOOKUP(Tableau1[[#This Row],[Facture Associée]],Tableau3[#All],4,FALSE),"") -> Maso Lution | O81: M19-002 | P81: =IF(Tableau1[[#This Row],[Facture Associée]]>0,1,"") -> 1
B82: 7 | C82: =VLOOKUP(Tableau1[[#This Row],[ID patient]],'Import Site'!$B$1:$K$1500,3,FALSE) -> patient 7 | D82: =VLOOKUP(Tableau1[[#This Row],[ID patient]],'Import Site'!$B$1:$K$1500,2,FALSE) -> 43482 | E82: =IF(Tableau1[[#This Row],[Nom Patients]]>0,VLOOKUP(Tableau1[[#This Row],[Prix payé]],CONFIG!B$4:D$12,2,FALSE),"") -> 60 Minutes | F82: =VLOOKUP(Tableau1[[#This Row],[ID patient]],'Import Site'!$B$1:$K$1500,5,FALSE) -> 80 | K82: =IF(Tableau1[[#This Row],[Nom Patients]]>0,VLOOKUP(Tableau1[[#This Row],[Prix payé]],CONFIG!B$4:D$12,3,FALSE),"") -> 50 | L82: =IF(Tableau1[[#This Row],[Mode Paiement]]=CONFIG!$I$6,((Tableau1[[#This Row],[Prix payé]]-Tableau1[[#This Row],[Prix chargé masolution]])*-1),Tableau1[[#This Row],[Prix chargé masolution]]+Tableau1[[#This Row],[montant pourboire]]) -> 50 | M82: =IF(Tableau1[[#This Row],[Facture Associée]]>0,VLOOKUP(Tableau1[[#This Row],[Facture Associée]],Tableau3[#All],3,FALSE),"") -> 0 | N82: =IF(Tableau1[[#This Row],[Facture Associée]]>0,VLOOKUP(Tableau1[[#This Row],[Facture Associée]],Tableau3[#All],4,FALSE),"") -> 0 | O82: M19-003 | P82: =IF(Tableau1[[#This Row],[Facture Associée]]>0,1,"") -> 1
B83: 8 | C83: =VLOOKUP(Tableau1[[#This Row],[ID patient]],'Import Site'!$B$1:$K$1500,3,FALSE) -> patient 8 | D83: =VLOOKUP(Tableau1[[#This Row],[ID patient]],'Import Site'!$B$1:$K$1500,2,FALSE) -> 43479 | E83: =IF(Tableau1[[#This Row],[Nom Patients]]>0,VLOOKUP(Tableau1[[#This Row],[Prix payé]],CONFIG!B$4:D$12,2,FALSE),"") -> 90 Minutes | F83: =VLOOKUP(Tableau1[[#This Row],[ID patient]],'Import Site'!$B$1:$K$1500,5,FALSE) -> 110 | K83: =IF(Tableau1[[#This Row],[Nom Patients]]>0,VLOOKUP(Tableau1[[#This Row],[Prix payé]],CONFIG!B$4:D$12,3,FALSE),"") -> 75 | L83: =IF(Tableau1[[#This Row],[Mode Paiement]]=CONFIG!$I$6,((Tableau1[[#This Row],[Prix payé]]-Tableau1[[#This Row],[Prix chargé masolution]])*-1),Tableau1[[#This Row],[Prix chargé masolution]]+Tableau1[[#This Row],[montant pourboire]]) -> 75 | M83: =IF(Tableau1[[#This Row],[Facture Associée]]>0,VLOOKUP(Tableau1[[#This Row],[Facture Associée]],Tableau3[#All],3,FALSE),"") -> semaine 1 | N83: =IF(Tableau1[[#This Row],[Facture Associée]]>0,VLOOKUP(Tableau1[[#This Row],[Facture Associée]],Tableau3[#All],4,FALSE),"") -> Masolution | O83: M19-001 | P83: =IF(Tableau1[[#This Row],[Facture Associée]]>0,1,"") -> 1
B84: 9 | C84: =VLOOKUP(Tableau1[[#This Row],[ID patient]],'Import Site'!$B$1:$K$1500,3,FALSE) -> patient 9 | D84: =VLOOKUP(Tableau1[[#This Row],[ID patient]],'Import Site'!$B$1:$K$1500,2,FALSE) -> 43455 | E84: =IF(Tableau1[[#This Row],[Nom Patients]]>0,VLOOKUP(Tableau1[[#This Row],[Prix payé]],CONFIG!B$4:D$12,2,FALSE),"") -> 60 Minutes | F84: =VLOOKUP(Tableau1[[#This Row],[ID patient]],'Import Site'!$B$1:$K$1500,5,FALSE) -> 80 | K84: =IF(Tableau1[[#This Row],[Nom Patients]]>0,VLOOKUP(Tableau1[[#This Row],[Prix payé]],CONFIG!B$4:D$12,3,FALSE),"") -> 50 | L84: =IF(Tableau1[[#This Row],[Mode Paiement]]=CONFIG!$I$6,((Tableau1[[#This Row],[Prix payé]]-Tableau1[[#This Row],[Prix chargé masolution]])*-1),Tableau1[[#This Row],[Prix chargé masolution]]+Tableau1[[#This Row],[montant pourboire]]) -> 50 | M84: =IF(Tableau1[[#This Row],[Facture Associée]]>0,VLOOKUP(Tableau1[[#This Row],[Facture Associée]],Tableau3[#All],3,FALSE),"") | N84: =IF(Tableau1[[#This Row],[Facture Associée]]>0,VLOOKUP(Tableau1[[#This Row],[Facture Associée]],Tableau3[#All],4,FALSE),"") | P84: =IF(Tableau1[[#This Row],[Facture Associée]]>0,1,"")
B85: 10 | C85: =VLOOKUP(Tableau1[[#This Row],[ID patient]],'Import Site'!$B$1:$K$1500,3,FALSE) -> patient 10 | D85: =VLOOKUP(Tableau1[[#This Row],[ID patient]],'Import Site'!$B$1:$K$1500,2,FALSE) -> 43453 | E85: =IF(Tableau1[[#This Row],[Nom Patients]]>0,VLOOKUP(Tableau1[[#This Row],[Prix payé]],CONFIG!B$4:D$12,2,FALSE),"") -> 60 Minutes | F85: =VLOOKUP(Tableau1[[#This Row],[ID patient]],'Import Site'!$B$1:$K$1500,5,FALSE) -> 80 | K85: =IF(Tableau1[[#This Row],[Nom Patients]]>0,VLOOKUP(Tableau1[[#This Row],[Prix payé]],CONFIG!B$4:D$12,3,FALSE),"") -> 50 | L85: =IF(Tableau1[[#This Row],[Mode Paiement]]=CONFIG!$I$6,((Tableau1[[#This Row],[Prix payé]]-Tableau1[[#This Row],[Prix chargé masolution]])*-1),Tableau1[[#This Row],[Prix chargé masolution]]+Tableau1[[#This Row],[montant pourboire]]) -> 50 | M85: =IF(Tableau1[[#This Row],[Facture Associée]]>0,VLOOKUP(Tableau1[[#This Row],[Facture Associée]],Tableau3[#All],3,FALSE),"") | N85: =IF(Tableau1[[#This Row],[Facture Associée]]>0,VLOOKUP(Tableau1[[#This Row],[Facture Associée]],Tableau3[#All],4,FALSE),"") | P85: =IF(Tableau1[[#This Row],[Facture Associée]]>0,1,"")
B86: 11 | C86: =VLOOKUP(Tableau1[[#This Row],[ID patient]],'Import Site'!$B$1:$K$1500,3,FALSE) -> patient 11 | D86: =VLOOKUP(Tableau1[[#This Row],[ID patient]],'Import Site'!$B$1:$K$1500,2,FALSE) -> 43441 | E86: =IF(Tableau1[[#This Row],[Nom Patients]]>0,VLOOKUP(Tableau1[[#This Row],[Prix payé]],CONFIG!B$4:D$12,2,FALSE),"") -> 60 Minutes | F86: =VLOOKUP(Tableau1[[#This Row],[ID patient]],'Import Site'!$B$1:$K$1500,5,FALSE) -> 80 | K86: =IF(Tableau1[[#This Row],[Nom Patients]]>0,VLOOKUP(Tableau1[[#This Row],[Prix payé]],CONFIG!B$4:D$12,3,FALSE),"") -> 50 | L86: =IF(Tableau1[[#This Row],[Mode Paiement]]=CONFIG!$I$6,((Tableau1[[#This Row],[Prix payé]]-Tableau1[[#This Row],[Prix chargé masolution]])*-1),Tableau1[[#This Row],[Prix chargé masolution]]+Tableau1[[#This Row],[montant pourboire]]) -> 50 | M86: =IF(Tableau1[[#This Row],[Facture Associée]]>0,VLOOKUP(Tableau1[[#This Row],[Facture Associée]],Tableau3[#All],3,FALSE),"") | N86: =IF(Tableau1[[#This Row],[Facture Associée]]>0,VLOOKUP(Tableau1[[#This Row],[Facture Associée]],Tableau3[#All],4,FALSE),"") | P86: =IF(Tableau1[[#This Row],[Facture Associée]]>0,1,"")
B87: 12 | C87: =VLOOKUP(Tableau1[[#This Row],[ID patient]],'Import Site'!$B$1:$K$1500,3,FALSE) -> patient 12 | D87: =VLOOKUP(Tableau1[[#This Row],[ID patient]],'Import Site'!$B$1:$K$1500,2,FALSE) -> 43447 | E87: =IF(Tableau1[[#This Row],[Nom Patients]]>0,VLOOKUP(Tableau1[[#This Row],[Prix payé]],CONFIG!B$4:D$12,2,FALSE),"") -> 90 Minutes | F87: =VLOOKUP(Tableau1[[#This Row],[ID patient]],'Import Site'!$B$1:$K$1500,5,FALSE) -> 110 | K87: =IF(Tableau1[[#This Row],[Nom Patients]]>0,VLOOKUP(Tableau1[[#This Row],[Prix payé]],CONFIG!B$4:D$12,3,FALSE),"") -> 75 | L87: =IF(Tableau1[[#This Row],[Mode Paiement]]=CONFIG!$I$6,((Tableau1[[#This Row],[Prix payé]]-Tableau1[[#This Row],[Prix chargé masolution]])*-1),Tableau1[[#This Row],[Prix chargé masolution]]+Tableau1[[#This Row],[montant pourboire]]) -> 75 | M87: =IF(Tableau1[[#This Row],[Facture Associée]]>0,VLOOKUP(Tableau1[[#This Row],[Facture Associée]],Tableau3[#All],3,FALSE),"") | N87: =IF(Tableau1[[#This Row],[Facture Associée]]>0,VLOOKUP(Tableau1[[#This Row],[Facture Associée]],Tableau3[#All],4,FALSE),"") | P87: =IF(Tableau1[[#This Row],[Facture Associée]]>0,1,"")
B88: 13 | C88: =VLOOKUP(Tableau1[[#This Row],[ID patient]],'Import Site'!$B$1:$K$1500,3,FALSE) -> patient 13 | D88: =VLOOKUP(Tableau1[[#This Row],[ID patient]],'Import Site'!$B$1:$K$1500,2,FALSE) -> 43446 | E88: =IF(Tableau1[[#This Row],[Nom Patients]]>0,VLOOKUP(Tableau1[[#This Row],[Prix payé]],CONFIG!B$4:D$12,2,FALSE),"") -> 60 Minutes | F88: =VLOOKUP(Tableau1[[#This Row],[ID patient]],'Import Site'!$B$1:$K$1500,5,FALSE) -> 80 | K88: =IF(Tableau1[[#This Row],[Nom Patients]]>0,VLOOKUP(Tableau1[[#This Row],[Prix payé]],CONFIG!B$4:D$12,3,FALSE),"") -> 50 | L88: =IF(Tableau1[[#This Row],[Mode Paiement]]=CONFIG!$I$6,((Tableau1[[#This Row],[Prix payé]]-Tableau1[[#This Row],[Prix chargé masolution]])*-1),Tableau1[[#This Row],[Prix chargé masolution]]+Tableau1[[#This Row],[montant pourboire]]) -> 50 | M88: =IF(Tableau1[[#This Row],[Facture Associée]]>0,VLOOKUP(Tableau1[[#This Row],[Facture Associée]],Tableau3[#All],3,FALSE),"") | N88: =IF(Tableau1[[#This Row],[Facture Associée]]>0,VLOOKUP(Tableau1[[#This Row],[Facture Associée]],Tableau3[#All],4,FALSE),"") | P88: =IF(Tableau1[[#This Row],[Facture Associée]]>0,1,"")
B89: 14 | C89: =VLOOKUP(Tableau1[[#This Row],[ID patient]],'Import Site'!$B$1:$K$1500,3,FALSE) -> patient 14 | D89: =VLOOKUP(Tableau1[[#This Row],[ID patient]],'Import Site'!$B$1:$K$1500,2,FALSE) -> 43440 | E89: =IF(Tableau1[[#This Row],[Nom Patients]]>0,VLOOKUP(Tableau1[[#This Row],[Prix payé]],CONFIG!B$4:D$12,2,FALSE),"") -> 60 Minutes | F89: =VLOOKUP(Tableau1[[#This Row],[ID patient]],'Import Site'!$B$1:$K$1500,5,FALSE) -> 80 | K89: =IF(Tableau1[[#This Row],[Nom Patients]]>0,VLOOKUP(Tableau1[[#This Row],[Prix payé]],CONFIG!B$4:D$12,3,FALSE),"") -> 50 | L89: =IF(Tableau1[[#This Row],[Mode Paiement]]=CONFIG!$I$6,((Tableau1[[#This Row],[Prix payé]]-Tableau1[[#This Row],[Prix chargé masolution]])*-1),Tableau1[[#This Row],[Prix chargé masolution]]+Tableau1[[#This Row],[montant pourboire]]) -> 50 | M89: =IF(Tableau1[[#This Row],[Facture Associée]]>0,VLOOKUP(Tableau1[[#This Row],[Facture Associée]],Tableau3[#All],3,FALSE),"") | N89: =IF(Tableau1[[#This Row],[Facture Associée]]>0,VLOOKUP(Tableau1[[#This Row],[Facture Associée]],Tableau3[#All],4,FALSE),"") | P89: =IF(Tableau1[[#This Row],[Facture Associée]]>0,1,"")
B90: 15 | C90: =VLOOKUP(Tableau1[[#This Row],[ID patient]],'Import Site'!$B$1:$K$1500,3,FALSE) -> patient 15 | D90: =VLOOKUP(Tableau1[[#This Row],[ID patient]],'Import Site'!$B$1:$K$1500,2,FALSE) -> 43435 | E90: =IF(Tableau1[[#This Row],[Nom Patients]]>0,VLOOKUP(Tableau1[[#This Row],[Prix payé]],CONFIG!B$4:D$12,2,FALSE),"") -> 60 Minutes | F90: =VLOOKUP(Tableau1[[#This Row],[ID patient]],'Import Site'!$B$1:$K$1500,5,FALSE) -> 80 | K90: =IF(Tableau1[[#This Row],[Nom Patients]]>0,VLOOKUP(Tableau1[[#This Row],[Prix payé]],CONFIG!B$4:D$12,3,FALSE),"") -> 50 | L90: =IF(Tableau1[[#This Row],[Mode Paiement]]=CONFIG!$I$6,((Tableau1[[#This Row],[Prix payé]]-Tableau1[[#This Row],[Prix chargé masolution]])*-1),Tableau1[[#This Row],[Prix chargé masolution]]+Tableau1[[#This Row],[montant pourboire]]) -> 50 | M90: =IF(Tableau1[[#This Row],[Facture Associée]]>0,VLOOKUP(Tableau1[[#This Row],[Facture Associée]],Tableau3[#All],3,FALSE),"") | N90: =IF(Tableau1[[#This Row],[Facture Associée]]>0,VLOOKUP(Tableau1[[#This Row],[Facture Associée]],Tableau3[#All],4,FALSE),"") | P90: =IF(Tableau1[[#This Row],[Facture Associée]]>0,1,"")
B91: 16 | C91: =VLOOKUP(Tableau1[[#This Row],[ID patient]],'Import Site'!$B$1:$K$1500,3,FALSE) -> patient 16 | D91: =VLOOKUP(Tableau1[[#This Row],[ID patient]],'Import Site'!$B$1:$K$1500,2,FALSE) -> 43435 | E91: =IF(Tableau1[[#This Row],[Nom Patients]]>0,VLOOKUP(Tableau1[[#This Row],[Prix payé]],CONFIG!B$4:D$12,2,FALSE),"") -> 60 Minutes | F91: =VLOOKUP(Tableau1[[#This Row],[ID patient]],'Import Site'!$B$1:$K$1500,5,FALSE) -> 80 | K91: =IF(Tableau1[[#This Row],[Nom Patients]]>0,VLOOKUP(Tableau1[[#This Row],[Prix payé]],CONFIG!B$4:D$12,3,FALSE),"") -> 50 | L91: =IF(Tableau1[[#This Row],[Mode Paiement]]=CONFIG!$I$6,((Tableau1[[#This Row],[Prix payé]]-Tableau1[[#This Row],[Prix chargé masolution]])*-1),Tableau1[[#This Row],[Prix chargé masolution]]+Tableau1[[#This Row],[montant pourboire]]) -> 50 | M91: =IF(Tableau1[[#This Row],[Facture Associée]]>0,VLOOKUP(Tableau1[[#This Row],[Facture Associée]],Tableau3[#All],3,FALSE),"") | N91: =IF(Tableau1[[#This Row],[Facture Associée]]>0,VLOOKUP(Tableau1[[#This Row],[Facture Associée]],Tableau3[#All],4,FALSE),"") | P91: =IF(Tableau1[[#This Row],[Facture Associée]]>0,1,"")
B92: 17 | C92: =VLOOKUP(Tableau1[[#This Row],[ID patient]],'Import Site'!$B$1:$K$1500,3,FALSE) -> patient 17 | D92: =VLOOKUP(Tableau1[[#This Row],[ID patient]],'Import Site'!$B$1:$K$1500,2,FALSE) -> 43433 | E92: =IF(Tableau1[[#This Row],[Nom Patients]]>0,VLOOKUP(Tableau1[[#This Row],[Prix payé]],CONFIG!B$4:D$12,2,FALSE),"") -> 60 Minutes | F92: =VLOOKUP(Tableau1[[#This Row],[ID patient]],'Import Site'!$B$1:$K$1500,5,FALSE) -> 80 | K92: =IF(Tableau1[[#This Row],[Nom Patients]]>0,VLOOKUP(Tableau1[[#This Row],[Prix payé]],CONFIG!B$4:D$12,3,FALSE),"") -> 50 | L92: =IF(Tableau1[[#This Row],[Mode Paiement]]=CONFIG!$I$6,((Tableau1[[#This Row],[Prix payé]]-Tableau1[[#This Row],[Prix chargé masolution]])*-1),Tableau1[[#This Row],[Prix chargé masolution]]+Tableau1[[#This Row],[montant pourboire]]) -> 50 | M92: =IF(Tableau1[[#This Row],[Facture Associée]]>0,VLOOKUP(Tableau1[[#This Row],[Facture Associée]],Tableau3[#All],3,FALSE),"") | N92: =IF(Tableau1[[#This Row],[Facture Associée]]>0,VLOOKUP(Tableau1[[#This Row],[Facture Associée]],Tableau3[#All],4,FALSE),"") | P92: =IF(Tableau1[[#This Row],[Facture Associée]]>0,1,"")
B93: 18 | C93: =VLOOKUP(Tableau1[[#This Row],[ID patient]],'Import Site'!$B$1:$K$1500,3,FALSE) -> patient 18 | D93: =VLOOKUP(Tableau1[[#This Row],[ID patient]],'Import Site'!$B$1:$K$1500,2,FALSE) -> 43432 | E93: =IF(Tableau1[[#This Row],[Nom Patients]]>0,VLOOKUP(Tableau1[[#This Row],[Prix payé]],CONFIG!B$4:D$12,2,FALSE),"") -> 30 Minutes | F93: =VLOOKUP(Tableau1[[#This Row],[ID patient]],'Import Site'!$B$1:$K$1500,5,FALSE) -> 30 | K93: =IF(Tableau1[[#This Row],[Nom Patients]]>0,VLOOKUP(Tableau1[[#This Row],[Prix payé]],CONFIG!B$4:D$12,3,FALSE),"") -> 25 | L93: =IF(Tableau1[[#This Row],[Mode Paiement]]=CONFIG!$I$6,((Tableau1[[#This Row],[Prix payé]]-Tableau1[[#This Row],[Prix chargé masolution]])*-1),Tableau1[[#This Row],[Prix chargé masolution]]+Tableau1[[#This Row],[montant pourboire]]) -> 25 | M93: =IF(Tableau1[[#This Row],[Facture Associée]]>0,VLOOKUP(Tableau1[[#This Row],[Facture Associée]],Tableau3[#All],3,FALSE),"") | N93: =IF(Tableau1[[#This Row],[Facture Associée]]>0,VLOOKUP(Tableau1[[#This Row],[Facture Associée]],Tableau3[#All],4,FALSE),"") | P93: =IF(Tableau1[[#This Row],[Facture Associée]]>0,1,"")
B94: 19 | C94: =VLOOKUP(Tableau1[[#This Row],[ID patient]],'Import Site'!$B$1:$K$1500,3,FALSE) -> patient 19 | D94: =VLOOKUP(Tableau1[[#This Row],[ID patient]],'Import Site'!$B$1:$K$1500,2,FALSE) -> 43432 | E94: =IF(Tableau1[[#This Row],[Nom Patients]]>0,VLOOKUP(Tableau1[[#This Row],[Prix payé]],CONFIG!B$4:D$12,2,FALSE),"") -> 60 Minutes | F94: =VLOOKUP(Tableau1[[#This Row],[ID patient]],'Import Site'!$B$1:$K$1500,5,FALSE) -> 80 | K94: =IF(Tableau1[[#This Row],[Nom Patients]]>0,VLOOKUP(Tableau1[[#This Row],[Prix payé]],CONFIG!B$4:D$12,3,FALSE),"") -> 50 | L94: =IF(Tableau1[[#This Row],[Mode Paiement]]=CONFIG!$I$6,((Tableau1[[#This Row],[Prix payé]]-Tableau1[[#This Row],[Prix chargé masolution]])*-1),Tableau1[[#This Row],[Prix chargé masolution]]+Tableau1[[#This Row],[montant pourboire]]) -> 50 | M94: =IF(Tableau1[[#This Row],[Facture Associée]]>0,VLOOKUP(Tableau1[[#This Row],[Facture Associée]],Tableau3[#All],3,FALSE),"") | N94: =IF(Tableau1[[#This Row],[Facture Associée]]>0,VLOOKUP(Tableau1[[#This Row],[Facture Associée]],Tableau3[#All],4,FALSE),"") | P94: =IF(Tableau1[[#This Row],[Facture Associée]]>0,1,"")
B95: 20 | C95: =VLOOKUP(Tableau1[[#This Row],[ID patient]],'Import Site'!$B$1:$K$1500,3,FALSE) -> patient 20 | D95: =VLOOKUP(Tableau1[[#This Row],[ID patient]],'Import Site'!$B$1:$K$1500,2,FALSE) -> 43433 | E95: =IF(Tableau1[[#This Row],[Nom Patients]]>0,VLOOKUP(Tableau1[[#This Row],[Prix payé]],CONFIG!B$4:D$12,2,FALSE),"") -> 60 Minutes | F95: =VLOOKUP(Tableau1[[#This Row],[ID patient]],'Import Site'!$B$1:$K$1500,5,FALSE) -> 80 | K95: =IF(Tableau1[[#This Row],[Nom Patients]]>0,VLOOKUP(Tableau1[[#This Row],[Prix payé]],CONFIG!B$4:D$12,3,FALSE),"") -> 50 | L95: =IF(Tableau1[[#This Row],[Mode Paiement]]=CONFIG!$I$6,((Tableau1[[#This Row],[Prix payé]]-Tableau1[[#This Row],[Prix chargé masolution]])*-1),Tableau1[[#This Row],[Prix chargé masolution]]+Tableau1[[#This Row],[montant pourboire]]) -> 50 | M95: =IF(Tableau1[[#This Row],[Facture Associée]]>0,VLOOKUP(Tableau1[[#This Row],[Facture Associée]],Tableau3[#All],3,FALSE),"") | N95: =IF(Tableau1[[#This Row],[Facture Associée]]>0,VLOOKUP(Tableau1[[#This Row],[Facture Associée]],Tableau3[#All],4,FALSE),"") | P95: =IF(Tableau1[[#This Row],[Facture Associée]]>0,1,"")
... B198: 123 | C198: =VLOOKUP(Tableau1[[#This Row],[ID patient]],'Import Site'!$B$1:$K$1500,3,FALSE) -> #N/A | D198: =VLOOKUP(Tableau1[[#This Row],[ID patient]],'Import Site'!$B$1:$K$1500,2,FALSE) -> #N/A | E198: =IF(Tableau1[[#This Row],[Nom Patients]]>0,VLOOKUP(Tableau1[[#This Row],[Prix payé]],CONFIG!B$4:D$12,2,FALSE),"") -> #N/A | F198: =VLOOKUP(Tableau1[[#This Row],[ID patient]],'Import Site'!$B$1:$K$1500,5,FALSE) -> #N/A | K198: =IF(Tableau1[[#This Row],[Nom Patients]]>0,VLOOKUP(Tableau1[[#This Row],[Prix payé]],CONFIG!B$4:D$12,3,FALSE),"") -> #N/A | L198: =IF(Tableau1[[#This Row],[Mode Paiement]]=CONFIG!$I$6,((Tableau1[[#This Row],[Prix payé]]-Tableau1[[#This Row],[Prix chargé masolution]])*-1),Tableau1[[#This Row],[Prix chargé masolution]]+Tableau1[[#This Row],[montant pourboire]]) -> #N/A | M198: =IF(Tableau1[[#This Row],[Facture Associée]]>0,VLOOKUP(Tableau1[[#This Row],[Facture Associée]],Tableau3[#All],3,FALSE),"") | N198: =IF(Tableau1[[#This Row],[Facture Associée]]>0,VLOOKUP(Tableau1[[#This Row],[Facture Associée]],Tableau3[#All],4,FALSE),"") | P198: =IF(Tableau1[[#This Row],[Facture Associée]]>0,1,"")
C199: =VLOOKUP(Tableau1[[#This Row],[ID patient]],'Import Site'!$B$1:$K$1500,3,FALSE) -> #N/A | D199: =VLOOKUP(Tableau1[[#This Row],[ID patient]],'Import Site'!$B$1:$K$1500,2,FALSE) -> #N/A | E199: =IF(Tableau1[[#This Row],[Nom Patients]]>0,VLOOKUP(Tableau1[[#This Row],[Prix payé]],CONFIG!B$4:D$12,2,FALSE),"") -> #N/A | F199: =VLOOKUP(Tableau1[[#This Row],[ID patient]],'Import Site'!$B$1:$K$1500,5,FALSE) -> #N/A | K199: =IF(Tableau1[[#This Row],[Nom Patients]]>0,VLOOKUP(Tableau1[[#This Row],[Prix payé]],CONFIG!B$4:D$12,3,FALSE),"") -> #N/A | L199: =IF(Tableau1[[#This Row],[Mode Paiement]]=CONFIG!$I$6,((Tableau1[[#This Row],[Prix payé]]-Tableau1[[#This Row],[Prix chargé masolution]])*-1),Tableau1[[#This Row],[Prix chargé masolution]]+Tableau1[[#This Row],[montant pourboire]]) -> #N/A | M199: =IF(Tableau1[[#This Row],[Facture Associée]]>0,VLOOKUP(Tableau1[[#This Row],[Facture Associée]],Tableau3[#All],3,FALSE),"") | N199: =IF(Tableau1[[#This Row],[Facture Associée]]>0,VLOOKUP(Tableau1[[#This Row],[Facture Associée]],Tableau3[#All],4,FALSE),"") | P199: =IF(Tableau1[[#This Row],[Facture Associée]]>0,1,"")

Sheet CONFIG
B4: Prix massages | C4: Durées | D4: Prix masolution | I4: Modes paiements | J4: Config mode
B5: 20 | C5: 15 Minutes | D5: 15
B6: 30 | C6: 30 Minutes | D6: 25 | I6: Comptant | J6: -1
B7: 40 | C7: 30 Minutes | D7: 30 | I7: Crédit | J7: 1
B8: 80 | C8: 60 Minutes | D8: 50 | I8: Débit | J8: 1
B9: 110 | C9: 90 Minutes | D9: 75 | I9: Virement Interac | J9: 1
I10: Chèques | J10: 1
I11: Cartes-Cadeaux | J11: 1

Sheet Sommaire des factures
B5: SOMMAIRE DES FACTURES
B6: No Facture | C6: Date Facture | D6: Période Facturé | E6: Client Concerné | F6: Nombre de massages | G6: Total de la facture | H6: total des pourboires | I6: montant à recevoir | J6: STATUT | K6: Date | L6: Preuve
B7: M19-001
B8: M19-002
B9: M19-003
B10: M19-004
B11: M19-005
B12: M19-006
B13: M19-007
B14: M19-008
B15: M19-009
B16: M19-010

Sheet Mabonneamie
